 Dungeon Crawl Stone Soup version 0.23-a0-619-g281719c (console) character file.

6637 Duffy the Cleaver (level 11, -10/93 HPs)
             Began as a Naga Fighter on Dec 22, 2018.
             Was an Elder of Cheibriados.
             Mangled by a troll (13 damage)
             ... on level 9 of the Dungeon.
             The game lasted 00:13:43 (11126 turns).

Duffy the Cleaver (Naga Fighter)                   Turns: 11126, Time: 00:13:44

Health: -10/93     AC: 13    Str: 27    XL:     11   Next: 2%
Magic:  16/16      EV:  5    Int: 20    God:    Cheibriados [****..]
Gold:   378        SH: 19    Dex: 21    Spells: 10/10 levels left

rFire    + . .     SeeInvis +   a - +1 war axe
rCold    + . .     Gourm    .   l - +0 large shield
rNeg     . . .     Faith    .   h - +2 leather armour {rC+}
rPois    +         Spirit   .   (no helmet)
rElec    .         Reflect  .   y - +0 cloak {rPois}
rCorr    +         Harm     .   (no gloves)
MR       +....                  i - +0 naga barding {rF+}
Stlth    ++........             e - amulet of the acrobat
HPRegen  0.25/turn              w - ring of resist corrosion
MPRegen  0.15/turn              (no ring)

@: very slow
A: large, see invisible, deformed body, poison resistance, slowness 2, slow
metabolism 1, spit poison 1, AC +3
a: Spit Poison, Bend Time, Temporal Distortion, Slouch, Renounce Religion


You were on level 9 of the Dungeon.
You worshipped Cheibriados.
Cheibriados was greatly pleased with you.
You were not hungry.

You visited 1 branch of the dungeon, and saw 9 of its levels.
You also visited: Ossuary.

You collected 579 gold pieces.
You spent 201 gold pieces at shops.

Inventory:

Hand Weapons
 a - a +1 war axe (weapon)
Armour
 h - a +2 leather armour of cold resistance (worn)
 i - a +0 naga barding of fire resistance (worn)
 l - a +0 large shield (worn)
 y - a +0 cloak of poison resistance (worn)
Jewellery
 e - an amulet of the acrobat (around neck)
 w - a ring of resist corrosion (left hand)
Wands
 c - a wand of polymorph (7)
 k - a wand of enslavement (9)
 m - a wand of disintegration (11)
 x - a wand of flame (21)
 B - a wand of digging (6)
Scrolls
 j - 3 scrolls of magic mapping
 n - 8 scrolls of remove curse
 o - 8 scrolls of teleportation
 t - 2 scrolls of fog
 u - a scroll of enchant weapon
 D - 5 scrolls of immolation
 F - a scroll of fear
Potions
 b - 4 potions of ambrosia
 d - 5 potions of might
 g - 2 potions of brilliance {unknown}
 p - 3 potions of flight
 q - 4 potions of curing
 r - a potion of berserk rage {unknown}
 s - 3 potions of agility {unknown}
 v - a potion of magic
 z - a potion of cancellation
 A - 5 potions of mutation
 E - a potion of heal wounds
Comestibles
 f - 10 rations


   Skills:
 + Level 4.7 Fighting
 - Level 10.0 Axes
 - Level 2.4 Armour
 + Level 9.1 Shields
 + Level 7.9 Invocations
 + Level 0.4 Evocations


You had 10 spell levels left.
You didn't know any spells.
Your spell library contained the following spells:

 Spells                   Type           Power        Failure   Level  Hunger
 Sandblast                Erth           #.....       58%         1    ##.....
 Passwall                 Tmut/Erth      #.......     75%         2    ###....
 Stone Arrow              Conj/Erth      #.....       92%         3    ####...
 Petrify                  Tmut/Erth      #.......     100%        4    #####..
 Lee's Rapid Deconstruct  Erth           #.........   100%        5    ######.


Dungeon Overview and Level Annotations

Branches:
Dungeon (9/15)             Temple (0/1) D:7
   Lair: D:8-11         Orc: D:9-12

Altars:
Cheibriados
Dithmenos
Hepliaklqana
Makhleb
Nemelex Xobeh
Qazlal
Ru
Trog
Vehumet
Wu Jian
Xom
The Shining One

Shops:
D:4 *}*[   D:5 *   D:7 [


Innate Abilities, Weirdness & Mutations

You cannot wear boots.
Your serpentine skin is tough. (AC +3)
You have supernaturally acute eyesight. (SInv)
Armour fits poorly on your strangely shaped body.
Your system is resistant to poisons. (rPois)
You cover ground very slowly.
You have a slow metabolism.
You can spit poison.


Message History

The troll is lightly wounded.
The troll bites you. You block the troll's attack. x2
Evoke which item? (* to show all) (? for menu, Esc to quit)
Aiming: Disintegrate
Press: ? - help, Shift-Dir - straight line, f - troll
Aim: a troll (lightly wounded, chance to defeat MR: 67%)
The troll is blasted.
The troll bites you. The troll claws you. You block the troll's attack.
Evoke which item? (* to show all) (? for menu, Esc to quit)
Aiming: Disintegrate
Press: ? - help, Shift-Dir - straight line, f/p - troll
Aim: a troll (heavily wounded, chance to defeat MR: 67%)
The troll is blasted.
You block the troll's attack.
The troll claws you but does no damage. x2
Evoke which item? (* to show all) (? for menu, Esc to quit)
Aiming: Disintegrate
Press: ? - help, Shift-Dir - straight line, f/p - troll
Aim: a troll (severely wounded, chance to defeat MR: 67%)
The troll struggles to resist.
The troll bites you! The troll claws you!
You die...

#### Z.. ##
######T###### #.
#....@....... #.
#.####.#####.# #. #.# .#
#.# #####. #.# #.# ##>##
#.....
##.####.####...####.###.
#...................###.
#..#....##........).....
#....#####..........###.
#...#####........#.####.


You could see a troll and a hound skeleton.

Vanquished Creatures
  2 two-headed ogres
  An unseen horror (D:8)
  2 hungry ghosts
  Edmund (D:4)
  A water moccasin (D:8)
  Duvessa (D:7)
  2 black bears (D:8)
  2 ice beasts (D:9)
  A sky beast (D:6)
  7 orc warriors
  An eye of draining (D:9)
  4 ogres
  A phantom (D:4)
  4 centaurs
  6 bullfrogs
  Dowan (D:7)
  A water moccasin skeleton (D:8)
  A scorpion (D:7)
  5 wights (D:6)
  5 centaur zombies (Ossuary)
  2 quasits
  5 crimson imps
  A bullfrog zombie (D:5)
  6 orc priests
  6 orc wizards
  Crazy Yiuf (D:6)
  A human zombie (Ossuary)
  A bullfrog skeleton (D:3)
  A centaur skeleton (D:4)
  A hound (D:4)
  3 jellies
  3 iguanas
  5 worker ants
  3 mummies (Ossuary)
  2 hound skeletons
  3 gnolls (D:5)
  7 adders
  2 shadow imps (D:9)
  An ooze (D:3)
  An adder zombie (D:8)
  An adder skeleton (D:8)
  2 worms
  2 dart slugs (D:1)
  6 leopard geckos
  56 orcs
  5 giant cockroaches
  6 goblins
  11 hobgoblins
  10 jackals
  10 kobolds
  5 quokkas
  2 ball pythons (D:1)
  5 bats
  4 frilled lizards
  A hobgoblin zombie (Ossuary)
  A jackal skeleton (D:4)
  An orc zombie (Ossuary)
  A quokka zombie (D:8)
  6 rats
239 creatures vanquished.

Vanquished Creatures (others)
  A worm (D:2)
  A quokka (D:2)
2 creatures vanquished.

Grand Total: 241 creatures vanquished

Notes
Turn   | Place    | Note
-------+----------+-------------------------------------------
     0 | D:1      | Duffy the Naga Fighter began the quest for the Orb.
     0 | D:1      | Reached XP level 1. HP: 21/21 MP: 1/1
   118 | D:2      | Reached XP level 2. HP: 13/28 MP: 2/2
   445 | D:3      | Found an ornate altar of the Wu Jian Council.
   465 | D:3      | Reached XP level 3. HP: 24/34 MP: 3/3
   864 | D:3      | Reached skill level 3 in Axes
  1291 | D:3      | Reached XP level 4. HP: 42/42 MP: 4/4
  1395 | D:4      | Found a snail-covered altar of Cheibriados.
  1398 | D:4      | Became a worshipper of Cheibriados the Contemplative
  1758 | D:1      | Reached * piety under Cheibriados
  2632 | D:2      | Found a radiant altar of Vehumet.
  2878 | D:2      | Found a glowing golden altar of the Shining One.
  3507 | D:3      | Reached XP level 5. HP: 31/49 MP: 5/5
  3712 | D:3      | Reached ** piety under Cheibriados
  3716 | D:3      | Reached skill level 4 in Axes
  3950 | D:4      | Found Uhaly's Assorted Antiques.
  3969 | D:4      | Bought a scroll labeled ONOXOI FAAVIWK for 30 gold pieces
  3969 | D:4      | Bought a scroll labeled ONOXOI FAAVIWK for 30 gold pieces
  3969 | D:4      | Bought a scroll labeled GOROLU BASMITUSTI for 30 gold
                  | pieces
  3969 | D:4      | Bought a scroll labeled RAGONKIRHU for 30 gold pieces
  3969 | D:4      | Bought a white potion for 27 gold pieces
  3969 | D:4      | Bought an amethyst potion for 27 gold pieces
  3991 | D:4      | Found Hest's Gadget Shop.
  4469 | D:4      | Reached XP level 6. HP: 24/56 MP: 6/6
  4823 | D:4      | Noticed Edmund
  4837 | D:4      | Killed Edmund
  4837 | D:4      | Reached skill level 5 in Axes
  5019 | D:4      | Found Iding's Assorted Antiques.
  5027 | D:4      | Bought a scroll labeled CAGGOEXKAH for 27 gold pieces
  5228 | D:4      | Found a shadowy altar of Dithmenos.
  5235 | D:4      | Noticed a phantom
  5278 | D:4      | Killed a phantom
  5278 | D:4      | Reached XP level 7. HP: 40/62 MP: 7/7
  5418 | D:4      | Reached skill level 5 in Shields
  5434 | D:4      | Found Noorijot's Antique Armour Shoppe.
  5614 | D:5      | Entered Level 5 of the Dungeon
  5672 | D:5      | Found a stormy altar of Qazlal.
  5681 | D:5      | Found Bocleshroy's General Store.
  5866 | D:5      | Reached *** piety under Cheibriados
  6116 | D:5      | Reached skill level 6 in Axes
  6473 | D:5      | Reached XP level 8. HP: 69/69 MP: 8/8
  6605 | D:5      | Found a burning altar of Makhleb.
  7069 | D:6      | Identified a scroll of acquirement
  7089 | D:6      | Reached skill level 7 in Axes
  7197 | D:6      | Found a sparkling altar of Nemelex Xobeh.
  7419 | D:6      | Found a runed door.
  7423 | D:6      | Noticed Crazy Yiuf
  7431 | D:6      | Killed Crazy Yiuf
  7778 | D:7      | Noticed Duvessa
  7778 | D:7      | Noticed Dowan
  7791 | D:7      | Killed Duvessa
  7797 | D:7      | Killed Dowan
  7831 | D:7      | Reached **** piety under Cheibriados
  7883 | D:7      | Found a hazy altar of Hepliaklqana.
  7914 | D:7      | Found Ohueptih's Antique Armour Emporium.
  7995 | D:7      | Reached skill level 1 in Invocations
  8113 | D:7      | Found a shimmering altar of Xom.
  8113 | D:7      | Found a sacrificial altar of Ru.
  8181 | D:7      | Found a staircase to the Ecumenical Temple.
  8214 | D:7      | Reached skill level 8 in Axes
  8214 | D:7      | Reached XP level 9. HP: 62/75 MP: 10/10
  8922 | D:8      | Noticed an unseen horror
  8954 | D:8      | Killed an unseen horror
  8955 | D:8      | Reached skill level 9 in Axes
  8970 | D:8      | Reached skill level 5 in Invocations
  9044 | D:8      | Noticed a two-headed ogre
  9050 | D:8      | Killed a two-headed ogre
  9050 | D:8      | Reached XP level 10. HP: 25/84 MP: 12/14
  9061 | D:8      | Found a sand-covered staircase.
  9068 | Ossuary  | Entered an ossuary
  9967 | D:8      | Reached skill level 10 in Axes
 10060 | D:8      | Found a bloodstained altar of Trog.
 10222 | D:9      | Noticed a two-headed ogre
 10234 | D:9      | Killed a two-headed ogre
 10701 | D:9      | Identified the cursed +1 lajatang of Jid Rys {pain, rElec
                  | MR+ Dex+2}
 11050 | D:9      | Reached XP level 11. HP: 91/93 MP: 16/16
 11126 | D:9      | HP: 3/93 [troll (17)]
 11126 | D:9      | Mangled by a troll

Vault maps used:
D:1:      zaba_arrival_water
D:2:      fiery_altar_vehumet, lemuel_coloured_pillars_altar, serial_forest,
          infiniplex_forest_clump_double, infiniplex_forest_lined_room_2,
          infiniplex_forest_straight_2, infiniplex_forest_clump_medium,
          infiniplex_forest_end_3, infiniplex_forest_lined_2
D:3:      overflow_temple_1_default
D:4:      lemuel_crystal_altar, kennysheep_mini_moat, serial_shops, shop, shop,
          shop, nicolae_shop_window_shopping, dk_noncrumbling_4, uniq_edmund
D:5:      nicolae_qazlal_general_emergency, old_standard_altar, serial_shops,
          shop, first_ration
D:6:      nemelex_xobeh_ov_fountains_minmay, uniq_crazy_yiuf_cottage
D:7:      chequers_temple_overflow_statue_of_worship, lemuel_doored_altar,
          minmay_temple_entry_slanted, serial_shops, shop, uniq_duvessa
D:8:      cheibrodos_fzero, special_room, basic_altar,
          nicolae_ossuary_entry_ruins
D:9:      grunt_temple_overflow_gold_and_silver
Ossuary:  ossuary_crypta

Skill      XL: |  1  2  3  4  5  6  7  8  9 10 |
---------------+-------------------------------+-----
Shields        | 3 4 5 6 8 9 |  9.1
Axes           | 3 4 5 6 8 9 10 | 10.0
Invocations    | 1 5 7 |  7.9
Fighting       | 4 |  4.7
Armour         | |  2.4
Evocations     | |  0.4

Action                   |  1- 3 |  4- 6 |  7- 9 | 10-12 || total
-------------------------+-------+-------+-------+-------++-------
Melee: War axe           |    84 |   183 |   234 |   212 ||   713
Invok: Slouch            |       |       |     2 |     3 ||     5
       Temporal Distorti |       |       |       |     1 ||     1
 Abil: Spit Poison       |    13 |     1 |     8 |       ||    22
Evoke: Wand              |       |       |     7 |     6 ||    13
  Use: Scroll            |       |    13 |    10 |     1 ||    24
       Potion            |       |       |     1 |       ||     1
 Stab: Sleeping          |       |       |       |     1 ||     1
  Eat: Chunk             |     1 |     8 |     6 |     6 ||    21
       Ration            |       |       |     2 |       ||     2
Armor: Scale mail        |    28 |       |       |       ||    28
       Ring mail         |       |    38 |       |       ||    38
       Leather armour    |       |     6 |   100 |    62 ||   168
Dodge: Dodged            |    23 |    68 |    56 |    43 ||   190
Block: Shield            |    50 |    33 |       |       ||    83
       Large shield      |       |    96 |   292 |   215 ||   603

Table legend:
 A = Non-vault XP
 B = Vault XP
 C = Vault XP percentage of total XP
 D = Non-vault monster count
 E = Vault monster count
 F = Vault count percentage of total count
                 A         B        C        D         E       F
            +---------+---------+-------+---------+---------+-------
      Total |    6495 |    2987 |  31.5 |     187 |      52 |  21.8
            +---------+---------+-------+---------+---------+-------
        D:1 |      44 |       0 |   0.0 |      23 |       0 |   0.0
        D:2 |      54 |       0 |   0.0 |      23 |       0 |   0.0
        D:3 |     110 |       0 |   0.0 |      24 |       0 |   0.0
        D:4 |     374 |     171 |  31.4 |      19 |       1 |   5.0
        D:5 |     446 |       0 |   0.0 |      20 |       0 |   0.0
        D:6 |     543 |      41 |   7.0 |       8 |       1 |  11.1
        D:7 |     675 |     220 |  24.6 |      21 |       2 |   8.7
        D:8 |    1698 |    2229 |  56.8 |      16 |      37 |  69.8
        D:9 |    2551 |       0 |   0.0 |      33 |       0 |   0.0
    Ossuary |       0 |     326 | 100.0 |       0 |      11 | 100.0
            +---------+---------+-------+---------+---------+-------
